[ AOE2 MATCH · #472226503 ]
UnrankedSpanish vs Mongols
[ REPLAY ANALYSIS · EXTRACTED FROM THE RECORDED GAME ]
Feudal
12:37
Castle
—
Imperial
—
| APM avg | 55.1 |
| APM peak | 82 |
| eAPM avg | 15.3 |
| Villagers / military | 35 / 0 |
Focus
⚔️ 7.5% · 🌾 92.5%
Feudal
8:56
Castle
—
Imperial
—
| APM avg | 33.5 |
| APM peak | 66 |
| eAPM avg | 13.7 |
| Villagers / military | 38 / 5 |
Focus
⚔️ 25.9% · 🌾 74.1%
Scout Cavalry ×5
Feudal
8:51
Castle
—
Imperial
—
| APM avg | 45.9 |
| APM peak | 64 |
| eAPM avg | 16.1 |
| Villagers / military | 35 / 7 |
Focus
⚔️ 34.1% · 🌾 65.9%
Scout Cavalry ×7
Feudal
9:41
Castle
—
Imperial
—
| APM avg | 55.0 |
| APM peak | 77 |
| eAPM avg | 21.6 |
| Villagers / military | 53 / 2 |
Focus
⚔️ 25.3% · 🌾 74.7%
Archer ×2
Feudal
11:00
Castle
—
Imperial
—
| APM avg | 66.6 |
| APM peak | 89 |
| eAPM avg | 27.6 |
| Villagers / military | 32 / 3 |
Focus
⚔️ 42.3% · 🌾 57.7%
Militia ×3
Feudal
10:10
Castle
—
Imperial
—
| APM avg | 30.1 |
| APM peak | 72 |
| eAPM avg | 13.3 |
| Villagers / military | 34 / 8 |
Focus
⚔️ 17.8% · 🌾 82.2%
Archer ×8
Feudal
11:23
Castle
—
Imperial
—
| APM avg | 63.8 |
| APM peak | 104 |
| eAPM avg | 12.7 |
| Villagers / military | 38 / 0 |
Focus
⚔️ 5.8% · 🌾 94.2%
Feudal
8:59
Castle
—
Imperial
—
| APM avg | 59.8 |
| APM peak | 104 |
| eAPM avg | 27.2 |
| Villagers / military | 39 / 7 |
Focus
⚔️ 47.1% · 🌾 52.9%
Militia ×7
Match map
Initial resources + every placement click. Lines = walls · curves = elevation contours. ◆ gold · ⬟ stone · ● berries · ✦ relic · ◌ wall gap
Your base· Open — 8t gap
23's base
Chap1nziiiin's base
eloysuarez93's base
Sogni's base
Niros's base
RVN_Ares2809's base
RVN_pH's base
Smoothed initial terrain · ◌ = detected wall gap · hover for details
Inputs per minute
— 随机必投 - - 23
Build order — 随机必投
58 actions detected in the replay
| 0:02 | Queue | Villager (Male) |
| 0:02 | Queue | Villager (Male) |
| 0:02 | Queue | Villager (Male) |
| 0:03 | Build | House |
| 0:05 | Build | House |
| 0:08 | Build | House |
| 0:16 | Queue | Villager (Male) |
| 1:28 | Queue | Villager (Male) |
| 1:28 | Queue | Villager (Male) |
| 2:04 | Queue | Villager (Male) |
| 2:04 | Queue | Villager (Male) |
| 2:19 | Queue | Villager (Male) |
| 2:19 | Queue | Villager (Male) |
| 2:50 | Queue | Villager (Male) |
| 2:51 | Queue | Villager (Male) |
| 2:53 | Build | Lumber Camp |
| 3:00 | Queue | Villager (Male) |
| 3:00 | Queue | Villager (Male) |
| 3:21 | Build | House |
| 3:22 | Build | House |
| 3:23 | Build | House |
| 3:33 | Research | Loom |
| 3:33 | Research | Loom |
| 4:08 | Queue | Villager (Male) |
| 4:08 | Queue | Villager (Male) |
| 4:09 | Queue | Villager (Male) |
| 4:35 | Queue | Villager (Male) |
| 4:36 | Queue | Villager (Male) |
| 5:02 | Build | Mill |
| 5:22 | Queue | Villager (Male) |
| 5:22 | Queue | Villager (Male) |
| 5:23 | Queue | Villager (Male) |
| 5:45 | Queue | Villager (Male) |
| 5:45 | Queue | Villager (Male) |
| 6:26 | Build | House |
| 6:37 | Queue | Villager (Male) |
| 6:46 | Queue | Villager (Male) |
| 7:01 | Queue | Villager (Male) |
| 7:22 | Queue | Villager (Male) |
| 7:30 | Queue | Villager (Male) |
| 7:54 | Queue | Villager (Male) |
| 8:00 | Build | Mill |
| 8:45 | Build | Mining Camp |
| 8:54 | Queue | Villager (Male) |
| 8:54 | Queue | Villager (Male) |
| 9:41 | Queue | Villager (Male) |
| 9:43 | Build | Mining Camp |
| 10:10 | Research | Feudal Age |
| 10:18 | Queue | Villager (Male) |
| 10:18 | Queue | Villager (Male) |
| 12:02 | Build | Barracks |
| 12:37 | Age | Feudal Age |
| 12:39 | Research | Town Watch |
| 13:05 | Build | Watch Tower |
| 13:19 | Build | Market |
| 13:28 | Build | Blacksmith |
| 13:34 | Build | Palisade Wall |
| 13:36 | Build | Palisade Wall |
Build order — 23
75 actions detected in the replay
| 0:01 | Queue | Villager (Male) |
| 0:01 | Queue | Villager (Male) |
| 0:01 | Queue | Villager (Male) |
| 0:03 | Build | House |
| 0:04 | Build | House |
| 0:20 | Queue | Villager (Male) |
| 0:20 | Queue | Villager (Male) |
| 0:20 | Queue | Villager (Male) |
| 1:30 | Queue | Villager (Male) |
| 1:30 | Queue | Villager (Male) |
| 1:33 | Build | Lumber Camp |
| 1:48 | Queue | Villager (Male) |
| 1:49 | Queue | Villager (Male) |
| 1:49 | Queue | Villager (Male) |
| 2:14 | Build | House |
| 2:27 | Queue | Villager (Male) |
| 2:27 | Queue | Villager (Male) |
| 2:43 | Queue | Villager (Male) |
| 2:43 | Queue | Villager (Male) |
| 3:18 | Queue | Villager (Male) |
| 3:19 | Queue | Villager (Male) |
| 3:50 | Build | Mill |
| 4:02 | Queue | Villager (Male) |
| 4:03 | Queue | Villager (Male) |
| 4:51 | Queue | Villager (Male) |
| 4:52 | Queue | Villager (Male) |
| 4:52 | Queue | Villager (Male) |
| 5:42 | Queue | Villager (Male) |
| 6:17 | Queue | Villager (Male) |
| 6:41 | Build | House |
| 6:47 | Research | Feudal Age |
| 6:47 | Research | Feudal Age |
| 7:31 | Build | Barracks |
| 8:43 | Build | House |
| 8:56 | Age | Feudal Age |
| 8:58 | Build | Stable |
| 9:00 | Queue | Villager (Male) |
| 9:02 | Research | Double-Bit Axe |
| 9:23 | Queue | Villager (Male) |
| 9:33 | Build | Palisade Wall |
| 9:42 | Queue | Scout Cavalry |
| 9:43 | Queue | Scout Cavalry |
| 9:43 | Queue | Scout Cavalry |
| 9:45 | Queue | Villager (Male) |
| 9:58 | Build | Palisade Wall |
| 10:02 | Build | Palisade Gate |
| 10:08 | Queue | Villager (Male) |
| 10:15 | Research | Horse Collar |
| 10:34 | Queue | Villager (Male) |
| 10:37 | Build | Farm |
| 10:38 | Build | Farm |
| 10:39 | Build | Farm |
| 10:40 | Build | Farm |
| 10:44 | Queue | Scout Cavalry |
| 11:02 | Queue | Villager (Male) |
| 11:06 | Build | Farm |
| 11:13 | Build | House |
| 11:20 | Queue | Villager (Male) |
| 11:23 | Build | Farm |
| 11:41 | Queue | Scout Cavalry |
| 11:46 | Build | Farm |
| 12:07 | Queue | Villager (Male) |
| 12:09 | Build | Farm |
| 12:14 | Build | Farm |
| 12:17 | Build | Farm |
| 12:26 | Build | House |
| 12:28 | Queue | Villager (Male) |
| 12:40 | Build | Farm |
| 12:53 | Queue | Villager (Male) |
| 12:55 | Build | House |
| 13:27 | Queue | Villager (Male) |
| 13:43 | Build | Mining Camp |
| 13:44 | Queue | Villager (Male) |
| 14:09 | Queue | Villager (Male) |
| 14:38 | Queue | Villager (Male) |
Build order — Chap1nziiiin
74 actions detected in the replay
| 0:01 | Queue | Villager (Male) |
| 0:02 | Queue | Villager (Male) |
| 0:02 | Queue | Villager (Male) |
| 0:04 | Build | House |
| 0:06 | Build | House |
| 0:11 | Queue | Villager (Male) |
| 0:11 | Queue | Villager (Male) |
| 1:38 | Queue | Villager (Male) |
| 1:40 | Queue | Villager (Male) |
| 2:00 | Queue | Villager (Male) |
| 2:01 | Queue | Villager (Male) |
| 2:04 | Build | Lumber Camp |
| 2:52 | Queue | Villager (Male) |
| 2:52 | Queue | Villager (Male) |
| 2:53 | Queue | Villager (Male) |
| 3:32 | Build | House |
| 3:38 | Queue | Villager (Male) |
| 3:42 | Queue | Villager (Male) |
| 3:43 | Queue | Villager (Male) |
| 3:59 | Build | House |
| 4:37 | Build | Palisade Wall |
| 4:40 | Queue | Villager (Male) |
| 4:41 | Queue | Villager (Male) |
| 4:55 | Queue | Villager (Male) |
| 4:55 | Queue | Villager (Male) |
| 4:56 | Queue | Villager (Male) |
| 5:03 | Queue | Villager (Male) |
| 5:15 | Build | Mill |
| 5:54 | Queue | Villager (Male) |
| 6:38 | Research | Feudal Age |
| 7:28 | Build | Barracks |
| 8:28 | Queue | Villager (Male) |
| 8:51 | Age | Feudal Age |
| 8:55 | Build | Stable |
| 9:08 | Queue | Villager (Male) |
| 9:12 | Research | Double-Bit Axe |
| 9:12 | Research | Double-Bit Axe |
| 9:14 | Research | Horse Collar |
| 9:14 | Research | Horse Collar |
| 9:22 | Build | House |
| 9:35 | Queue | Scout Cavalry |
| 9:36 | Queue | Scout Cavalry |
| 9:36 | Queue | Scout Cavalry |
| 9:56 | Queue | Villager (Male) |
| 9:58 | Build | Farm |
| 10:00 | Build | Farm |
| 10:06 | Queue | Villager (Male) |
| 10:09 | Build | Farm |
| 10:41 | Queue | Villager (Male) |
| 10:46 | Queue | Villager (Male) |
| 10:49 | Build | Farm |
| 10:50 | Build | Farm |
| 10:56 | Queue | Villager (Male) |
| 11:02 | Build | Farm |
| 11:13 | Build | Farm |
| 11:15 | Build | Farm |
| 11:20 | Build | House |
| 11:29 | Queue | Scout Cavalry |
| 11:32 | Queue | Villager (Male) |
| 11:33 | Queue | Villager (Male) |
| 11:35 | Build | Farm |
| 11:45 | Build | Farm |
| 12:03 | Queue | Scout Cavalry |
| 12:25 | Queue | Scout Cavalry |
| 12:39 | Queue | Villager (Male) |
| 12:42 | Build | Mining Camp |
| 12:50 | Queue | Villager (Male) |
| 12:54 | Build | Farm |
| 13:18 | Queue | Scout Cavalry |
| 14:07 | Queue | Villager (Male) |
| 14:09 | Build | Farm |
| 14:33 | Queue | Villager (Male) |
| 14:37 | Build | Mining Camp |
| 14:49 | Build | Farm |
Build order — eloysuarez93
94 actions detected in the replay
| 0:01 | Queue | Villager (Male) |
| 0:01 | Queue | Villager (Male) |
| 0:03 | Build | House |
| 0:04 | Build | House |
| 0:10 | Queue | Villager (Male) |
| 0:11 | Queue | Villager (Male) |
| 0:11 | Queue | Villager (Male) |
| 0:11 | Queue | Villager (Male) |
| 1:24 | Queue | Villager (Male) |
| 1:24 | Queue | Villager (Male) |
| 1:46 | Build | Lumber Camp |
| 2:00 | Queue | Villager (Male) |
| 2:00 | Queue | Villager (Male) |
| 2:15 | Queue | Villager (Male) |
| 2:16 | Queue | Villager (Male) |
| 2:48 | Build | House |
| 2:50 | Build | House |
| 2:54 | Queue | Villager (Male) |
| 2:54 | Queue | Villager (Male) |
| 3:13 | Queue | Villager (Male) |
| 3:13 | Queue | Villager (Male) |
| 3:14 | Queue | Villager (Male) |
| 3:34 | Queue | Villager (Male) |
| 3:34 | Queue | Villager (Male) |
| 3:49 | Queue | Villager (Male) |
| 3:49 | Queue | Villager (Male) |
| 4:27 | Queue | Villager (Male) |
| 4:28 | Queue | Villager (Male) |
| 4:40 | Queue | Villager (Male) |
| 4:40 | Queue | Villager (Male) |
| 4:41 | Queue | Villager (Male) |
| 4:51 | Build | Mill |
| 5:00 | Queue | Villager (Male) |
| 5:00 | Queue | Villager (Male) |
| 5:28 | Queue | Villager (Male) |
| 5:28 | Queue | Villager (Male) |
| 5:29 | Queue | Villager (Male) |
| 5:39 | Queue | Villager (Male) |
| 5:40 | Queue | Villager (Male) |
| 5:40 | Queue | Villager (Male) |
| 5:54 | Queue | Villager (Male) |
| 6:14 | Research | Loom |
| 6:19 | Queue | Villager (Male) |
| 6:20 | Research | Loom |
| 6:53 | Queue | Villager (Male) |
| 7:26 | Research | Feudal Age |
| 7:27 | Research | Feudal Age |
| 7:54 | Build | Palisade Wall |
| 8:05 | Build | Building 804 |
| 8:42 | Build | Mining Camp |
| 9:06 | Build | Palisade Wall |
| 9:08 | Build | Palisade Wall |
| 9:14 | Build | Palisade Wall |
| 9:22 | Build | Barracks |
| 9:32 | Build | Palisade Wall |
| 9:39 | Queue | Villager (Male) |
| 9:41 | Age | Feudal Age |
| 9:44 | Queue | Villager (Male) |
| 9:44 | Queue | Villager (Male) |
| 9:45 | Queue | Villager (Male) |
| 9:45 | Queue | Villager (Male) |
| 9:46 | Queue | Villager (Male) |
| 9:46 | Queue | Villager (Male) |
| 9:52 | Build | Palisade Wall |
| 10:01 | Queue | Villager (Male) |
| 10:02 | Queue | Villager (Male) |
| 10:02 | Queue | Villager (Male) |
| 10:08 | Build | House |
| 10:08 | Build | House |
| 10:11 | Build | House |
| 10:23 | Build | Palisade Wall |
| 10:32 | Build | House |
| 10:51 | Build | Watch Tower |
| 11:02 | Queue | Villager (Male) |
| 11:02 | Queue | Villager (Male) |
| 11:02 | Queue | Villager (Male) |
| 11:13 | Research | Double-Bit Axe |
| 11:13 | Research | Double-Bit Axe |
| 11:34 | Queue | Villager (Male) |
| 11:37 | Build | House |
| 11:38 | Build | House |
| 11:39 | Build | House |
| 11:40 | Build | House |
| 11:40 | Build | House |
| 11:46 | Queue | Villager (Male) |
| 12:03 | Build | Lumber Camp |
| 12:28 | Build | Archery Range |
| 12:41 | Research | Horse Collar |
| 12:41 | Research | Horse Collar |
| 13:24 | Queue | Archer |
| 13:28 | Queue | Villager (Male) |
| 13:34 | Build | Blacksmith |
| 14:00 | Build | Building 804 |
| 14:06 | Queue | Archer |
Build order — Sogni
94 actions detected in the replay
| 0:03 | Queue | Villager (Male) |
| 0:05 | Build | House |
| 0:07 | Build | House |
| 0:20 | Queue | Villager (Male) |
| 0:20 | Queue | Villager (Male) |
| 0:20 | Queue | Villager (Male) |
| 0:20 | Queue | Villager (Male) |
| 1:31 | Queue | Villager (Male) |
| 1:31 | Queue | Villager (Male) |
| 1:49 | Build | Lumber Camp |
| 2:00 | Queue | Villager (Male) |
| 2:01 | Queue | Villager (Male) |
| 2:20 | Queue | Villager (Male) |
| 2:44 | Build | House |
| 2:50 | Queue | Villager (Male) |
| 2:51 | Queue | Villager (Male) |
| 3:22 | Queue | Villager (Male) |
| 3:44 | Queue | Villager (Male) |
| 3:44 | Queue | Villager (Male) |
| 3:58 | Queue | Villager (Male) |
| 3:58 | Queue | Villager (Male) |
| 4:28 | Queue | Villager (Male) |
| 4:29 | Queue | Villager (Male) |
| 4:29 | Queue | Villager (Male) |
| 4:32 | Queue | Villager (Male) |
| 5:04 | Build | Barracks |
| 5:13 | Build | Barracks |
| 5:35 | Build | House |
| 5:48 | Queue | Villager (Male) |
| 6:10 | Queue | Militia |
| 6:10 | Queue | Militia |
| 6:10 | Queue | Militia |
| 6:17 | Build | Palisade Wall |
| 6:20 | Build | House |
| 6:22 | Build | Building 804 |
| 6:29 | Queue | Villager (Male) |
| 6:57 | Queue | Villager (Male) |
| 7:16 | Queue | Villager (Male) |
| 7:48 | Queue | Villager (Male) |
| 8:17 | Research | Loom |
| 8:25 | Research | Loom |
| 8:26 | Research | Feudal Age |
| 8:38 | Build | Mining Camp |
| 9:05 | Build | Mining Camp |
| 9:46 | Build | Mill |
| 10:26 | Build | Mill |
| 10:49 | Build | Mill |
| 11:00 | Age | Feudal Age |
| 11:06 | Build | Watch Tower |
| 11:10 | Research | Man-at-Arms (upgrade) |
| 11:10 | Research | Man-at-Arms (upgrade) |
| 11:11 | Research | Man-at-Arms (upgrade) |
| 11:16 | Build | Watch Tower |
| 11:29 | Queue | Villager (Male) |
| 11:33 | Research | Double-Bit Axe |
| 11:33 | Research | Double-Bit Axe |
| 11:33 | Research | Double-Bit Axe |
| 11:51 | Queue | Villager (Male) |
| 11:59 | Build | Building 673 |
| 12:00 | Build | Stone Wall |
| 12:03 | Build | Stone Wall |
| 12:04 | Build | Stone Wall |
| 12:28 | Build | Watch Tower |
| 12:35 | Build | Stone Wall |
| 12:35 | Build | Stone Wall |
| 12:36 | Build | Stone Wall |
| 12:37 | Build | Stone Wall |
| 12:37 | Build | Stone Wall |
| 12:39 | Build | Stone Wall |
| 12:39 | Build | Stone Wall |
| 12:40 | Build | Stone Wall |
| 12:40 | Build | Stone Wall |
| 12:41 | Build | Stone Wall |
| 12:43 | Queue | Villager (Male) |
| 12:43 | Queue | Villager (Male) |
| 12:50 | Build | House |
| 12:56 | Build | House |
| 12:59 | Build | House |
| 13:02 | Build | Palisade Wall |
| 13:03 | Build | Palisade Wall |
| 13:09 | Build | House |
| 13:11 | Build | Palisade Wall |
| 13:12 | Build | House |
| 13:14 | Build | House |
| 13:20 | Build | House |
| 13:26 | Build | Stone Wall |
| 13:27 | Queue | Villager (Male) |
| 13:30 | Build | Stone Wall |
| 13:33 | Build | Stone Wall |
| 14:00 | Build | Stone Wall |
| 14:22 | Build | Stone Wall |
| 14:24 | Build | Stone Wall |
| 14:33 | Queue | Villager (Male) |
| 14:51 | Build | Watch Tower |
Build order — Niros
73 actions detected in the replay
| 0:01 | Queue | Villager (Male) ×4 |
| 0:02 | Build | House |
| 0:03 | Build | House |
| 1:32 | Queue | Villager (Male) |
| 1:32 | Queue | Villager (Male) |
| 1:57 | Queue | Villager (Male) |
| 2:04 | Build | Lumber Camp |
| 2:25 | Queue | Villager (Male) |
| 2:25 | Queue | Villager (Male) |
| 2:53 | Queue | Villager (Male) |
| 3:00 | Build | House |
| 3:14 | Queue | Villager (Male) |
| 3:47 | Queue | Villager (Male) |
| 3:47 | Queue | Villager (Male) |
| 3:47 | Queue | Villager (Male) |
| 3:59 | Queue | Villager (Male) |
| 3:59 | Queue | Villager (Male) |
| 4:57 | Queue | Villager (Male) |
| 4:58 | Queue | Villager (Male) |
| 4:58 | Queue | Villager (Male) |
| 5:07 | Build | House |
| 5:36 | Queue | Villager (Male) |
| 5:36 | Queue | Villager (Male) |
| 6:06 | Build | Palisade Wall |
| 6:10 | Build | Palisade Gate |
| 6:40 | Queue | Villager (Male) |
| 6:59 | Research | Loom |
| 7:27 | Queue | Villager (Male) |
| 7:31 | Build | Mill |
| 8:00 | Research | Feudal Age |
| 8:00 | Research | Feudal Age |
| 8:00 | Research | Feudal Age |
| 8:11 | Build | Mining Camp |
| 9:10 | Build | Barracks |
| 10:10 | Age | Feudal Age |
| 10:16 | Build | Archery Range |
| 10:18 | Queue | Villager (Male) |
| 10:19 | Queue | Villager (Male) |
| 10:19 | Queue | Villager (Male) |
| 10:19 | Queue | Villager (Male) |
| 10:22 | Research | Double-Bit Axe |
| 10:22 | Research | Double-Bit Axe |
| 10:25 | Research | Horse Collar |
| 10:25 | Research | Horse Collar |
| 10:44 | Build | Farm |
| 10:54 | Build | House |
| 11:03 | Build | House |
| 11:14 | Build | Farm |
| 11:18 | Queue | Archer |
| 11:18 | Queue | Archer |
| 11:34 | Queue | Archer |
| 11:41 | Build | House |
| 11:49 | Queue | Archer |
| 11:51 | Queue | Villager (Male) |
| 11:51 | Queue | Villager (Male) |
| 12:10 | Queue | Archer |
| 12:25 | Build | Lumber Camp |
| 12:28 | Queue | Villager (Male) |
| 12:46 | Build | Blacksmith |
| 12:47 | Queue | Villager (Male) |
| 12:51 | Queue | Archer |
| 13:10 | Queue | Archer |
| 13:27 | Queue | Villager (Male) |
| 13:30 | Build | House |
| 13:40 | Research | Fletching |
| 13:40 | Research | Fletching |
| 13:53 | Build | Mining Camp |
| 13:56 | Queue | Villager (Male) |
| 14:00 | Build | Farm |
| 14:01 | Build | Farm |
| 14:03 | Build | Farm |
| 14:05 | Queue | Archer |
| 14:30 | Queue | Villager (Male) |
Build order — RVN_Ares2809
69 actions detected in the replay
| 0:02 | Queue | Villager (Male) |
| 0:02 | Queue | Villager (Male) |
| 0:02 | Queue | Villager (Male) |
| 0:02 | Queue | Villager (Male) |
| 0:02 | Queue | Villager (Male) |
| 0:03 | Queue | Villager (Male) |
| 0:06 | Build | House |
| 0:07 | Build | House |
| 1:34 | Queue | Villager (Male) |
| 1:34 | Queue | Villager (Male) |
| 1:34 | Queue | Villager (Male) |
| 2:07 | Queue | Villager (Male) |
| 2:07 | Queue | Villager (Male) |
| 2:07 | Queue | Villager (Male) |
| 2:18 | Queue | Villager (Male) |
| 2:19 | Queue | Villager (Male) |
| 2:19 | Queue | Villager (Male) |
| 2:51 | Queue | Villager (Male) |
| 2:51 | Queue | Villager (Male) |
| 3:20 | Queue | Villager (Male) |
| 3:21 | Queue | Villager (Male) |
| 3:48 | Queue | Villager (Male) |
| 3:48 | Queue | Villager (Male) |
| 4:11 | Queue | Villager (Male) |
| 4:11 | Queue | Villager (Male) |
| 4:12 | Queue | Villager (Male) |
| 4:34 | Build | House |
| 4:37 | Research | Loom |
| 4:57 | Queue | Villager (Male) |
| 5:18 | Queue | Villager (Male) |
| 5:26 | Build | Mill |
| 5:33 | Build | House |
| 5:38 | Queue | Villager (Male) |
| 5:56 | Queue | Villager (Male) |
| 6:01 | Build | House |
| 6:24 | Queue | Villager (Male) |
| 6:43 | Queue | Villager (Male) |
| 6:56 | Build | House |
| 6:58 | Queue | Villager (Male) |
| 7:24 | Build | Palisade Wall |
| 7:28 | Build | Building 796 |
| 7:33 | Build | Lumber Camp |
| 7:39 | Queue | Villager (Male) |
| 8:05 | Queue | Villager (Male) |
| 8:46 | Queue | Villager (Male) |
| 8:54 | Build | Mining Camp |
| 8:57 | Build | Palisade Wall |
| 9:03 | Research | Feudal Age |
| 9:21 | Build | House |
| 10:40 | Build | Farm |
| 10:44 | Build | Farm |
| 11:23 | Age | Feudal Age |
| 11:24 | Build | Farm |
| 11:26 | Queue | Villager (Male) |
| 11:28 | Build | Blacksmith |
| 11:42 | Queue | Villager (Male) |
| 12:16 | Queue | Villager (Male) |
| 12:22 | Build | Market |
| 12:26 | Build | Farm |
| 12:48 | Queue | Villager (Male) |
| 12:50 | Build | Farm |
| 12:58 | Build | Farm |
| 13:01 | Build | Farm |
| 13:24 | Build | Farm |
| 13:32 | Research | Castle Age |
| 13:36 | Build | Farm |
| 13:46 | Build | Farm |
| 14:29 | Research | Double-Bit Axe |
| 14:31 | Research | Horse Collar |
Build order — RVN_pH
91 actions detected in the replay
| 0:01 | Queue | Villager (Male) |
| 0:01 | Queue | Villager (Male) |
| 0:01 | Queue | Villager (Male) |
| 0:01 | Queue | Villager (Male) |
| 0:02 | Build | House |
| 0:04 | Build | House |
| 1:23 | Queue | Villager (Male) |
| 1:47 | Build | Lumber Camp |
| 2:01 | Queue | Villager (Male) |
| 2:01 | Queue | Villager (Male) |
| 2:20 | Queue | Villager (Male) |
| 2:21 | Queue | Villager (Male) |
| 2:50 | Queue | Villager (Male) |
| 2:51 | Queue | Villager (Male) |
| 2:51 | Queue | Villager (Male) |
| 3:05 | Queue | Villager (Male) |
| 3:30 | Queue | Villager (Male) |
| 3:56 | Build | House |
| 3:56 | Queue | Villager (Male) |
| 4:22 | Build | House |
| 4:33 | Queue | Villager (Male) |
| 4:34 | Queue | Villager (Male) |
| 5:21 | Queue | Villager (Male) |
| 5:25 | Build | Palisade Wall |
| 5:25 | Build | Palisade Wall |
| 5:39 | Build | Palisade Wall |
| 5:46 | Build | Barracks |
| 5:49 | Queue | Villager (Male) |
| 6:17 | Research | Loom |
| 6:17 | Research | Loom |
| 6:27 | Build | Building 800 |
| 6:37 | Build | Palisade Wall |
| 6:41 | Build | Building 796 |
| 6:49 | Research | Feudal Age |
| 6:49 | Research | Feudal Age |
| 6:49 | Research | Feudal Age |
| 7:01 | Queue | Militia |
| 7:01 | Queue | Militia |
| 7:01 | Queue | Militia |
| 7:25 | Queue | Militia |
| 7:25 | Queue | Militia |
| 7:31 | Build | House |
| 7:40 | Queue | Militia |
| 8:07 | Queue | Militia |
| 8:26 | Build | Mill |
| 8:49 | Queue | Villager (Male) |
| 8:59 | Age | Feudal Age |
| 9:08 | Research | Man-at-Arms (upgrade) |
| 9:08 | Research | Man-at-Arms (upgrade) |
| 9:08 | Research | Man-at-Arms (upgrade) |
| 9:09 | Queue | Villager (Male) |
| 9:12 | Build | Watch Tower |
| 9:32 | Build | Blacksmith |
| 9:37 | Queue | Villager (Male) |
| 10:00 | Queue | Villager (Male) |
| 10:29 | Research | Tech 1014 |
| 10:29 | Research | Tech 1014 |
| 10:31 | Queue | Villager (Male) |
| 10:39 | Build | House |
| 10:55 | Queue | Villager (Male) |
| 11:08 | Build | Pasture |
| 11:24 | Queue | Villager (Male) |
| 11:35 | Build | House |
| 11:40 | Queue | Villager (Male) |
| 11:54 | Build | Palisade Wall |
| 11:55 | Build | Palisade Wall |
| 11:58 | Queue | Villager (Male) |
| 12:01 | Build | Pasture |
| 12:04 | Research | Double-Bit Axe |
| 12:05 | Research | Double-Bit Axe |
| 12:14 | Queue | Villager (Male) |
| 12:14 | Queue | Villager (Male) |
| 12:15 | Queue | Villager (Male) |
| 12:32 | Build | Pasture |
| 12:33 | Queue | Villager (Male) |
| 12:39 | Build | Pasture |
| 12:53 | Queue | Villager (Male) |
| 13:03 | Build | Pasture |
| 13:14 | Queue | Villager (Male) |
| 13:25 | Build | Pasture |
| 13:41 | Queue | Villager (Male) |
| 13:50 | Research | Forging |
| 13:50 | Research | Forging |
| 13:50 | Research | Forging |
| 13:51 | Queue | Villager (Male) |
| 14:03 | Queue | Villager (Male) |
| 14:17 | Queue | Villager (Male) |
| 14:23 | Build | Pasture |
| 14:38 | Build | Pasture |
| 14:47 | Queue | Villager (Male) |
| 14:50 | Build | Pasture |
Match timeline
| 4:37 | Chap1nziiiin · wall_segment Palisade Wall x4 |
| 5:04 | Sogni · first_building Barracks |
| 5:25 | RVN_pH · wall_segment Palisade Wall x1 |
| 5:25 | RVN_pH · wall_segment Palisade Wall x1 |
| 5:39 | RVN_pH · wall_segment Palisade Wall x1 |
| 5:46 | RVN_pH · first_building Barracks |
| 6:06 | Niros · wall_segment Palisade Wall x13 |
| 6:17 | Sogni · wall_segment Palisade Wall x5 |
| 6:37 | RVN_pH · wall_segment Palisade Wall x1 |
| 7:24 | RVN_Ares2809 · wall_segment Palisade Wall x8 |
| 7:28 | Chap1nziiiin · first_building Barracks |
| 7:31 | 23 · first_building Barracks |
| 7:54 | eloysuarez93 · wall_segment Palisade Wall x7 |
| 8:51 | Chap1nziiiin · age_up feudal |
| 8:55 | Chap1nziiiin · first_building Stable |
| 8:56 | 23 · age_up feudal |
| 8:57 | RVN_Ares2809 · wall_segment Palisade Wall x1 |
| 8:58 | 23 · first_building Stable |
| 8:59 | RVN_pH · age_up feudal |
| 9:06 | eloysuarez93 · wall_segment Palisade Wall x2 |
| 9:08 | eloysuarez93 · wall_segment Palisade Wall x3 |
| 9:10 | Niros · first_building Barracks |
| 9:14 | eloysuarez93 · wall_segment Palisade Wall x7 |
| 9:22 | eloysuarez93 · first_building Barracks |
| 9:32 | eloysuarez93 · wall_segment Palisade Wall x1 |
| 9:33 | 23 · wall_segment Palisade Wall x1 |
| 9:41 | eloysuarez93 · age_up feudal |
| 9:52 | eloysuarez93 · wall_segment Palisade Wall x8 |
| 9:58 | 23 · wall_segment Palisade Wall x4 |
| 10:10 | Niros · age_up feudal |
| 10:16 | Niros · first_building Archery Range |
| 10:23 | eloysuarez93 · wall_segment Palisade Wall x7 |
| 11:00 | Sogni · age_up feudal |
| 11:23 | RVN_Ares2809 · age_up feudal |
| 11:54 | RVN_pH · wall_segment Palisade Wall x9 |
| 11:55 | RVN_pH · wall_segment Palisade Wall x1 |
| 12:00 | Sogni · wall_segment Stone Wall x3 |
| 12:02 | 随机必投 · first_building Barracks |
| 12:03 | Sogni · wall_segment Stone Wall x2 |
| 12:04 | Sogni · wall_segment Stone Wall x1 |
| 12:28 | eloysuarez93 · first_building Archery Range |
| 12:35 | Sogni · wall_segment Stone Wall x1 |
| 12:35 | Sogni · wall_segment Stone Wall x1 |
| 12:36 | Sogni · wall_segment Stone Wall x1 |
| 12:37 | Sogni · wall_segment Stone Wall x1 |
| 12:37 | Sogni · wall_segment Stone Wall x1 |
| 12:37 | 随机必投 · age_up feudal |
| 12:39 | Sogni · wall_segment Stone Wall x1 |
| 12:39 | Sogni · wall_segment Stone Wall x1 |
| 12:40 | Sogni · wall_segment Stone Wall x1 |
| 12:40 | Sogni · wall_segment Stone Wall x1 |
| 12:41 | Sogni · wall_segment Stone Wall x1 |
| 13:02 | Sogni · wall_segment Palisade Wall x1 |
| 13:03 | Sogni · wall_segment Palisade Wall x1 |
| 13:11 | Sogni · wall_segment Palisade Wall x1 |
| 13:26 | Sogni · wall_segment Stone Wall x1 |
| 13:30 | Sogni · wall_segment Stone Wall x1 |
| 13:33 | Sogni · wall_segment Stone Wall x1 |
| 13:34 | 随机必投 · wall_segment Palisade Wall x1 |
| 13:36 | 随机必投 · wall_segment Palisade Wall x1 |
| 14:00 | Sogni · wall_segment Stone Wall x2 |
| 14:04 | 随机必投 · resign |
| 14:22 | Sogni · wall_segment Stone Wall x1 |
| 14:24 | Sogni · wall_segment Stone Wall x1 |
[ AI ANALYSIS · 1 CREDIT ]
What really happened in this match?
Wolo.gg analyzes every decision: build order, eco, micro, common mistakes by bracket. Personalized analysis on WhatsApp or Discord in 30 seconds.
Civ guide
Spanish
Perfil
Jugador #21813191